TOP OF THE 1ST |
Rice University Owls batting - Pitching for University of South Carolina Gamecocks : RHP Seb Lightfoot
|
Pitching: RHP Seb Lightfoot
|
|
Batting: LHB Kazuyoshi Ikeda
|
0-0: Ball 1-0: Foul Ball, location: 2F 1-1: Fly out, F9 (Flyball, 9S, EV 88.8 MPH)
|
Batting: RHB Jeff Buchanan
|
0-0: Ball 1-0: Ball 2-0: Ground out 5-3 (Groundball, 56S, EV 85.6 MPH)
|
Batting: LHB Travis Hahn
|
0-0: DOUBLE (Flyball, 8LD, EV 91.2 MPH)
|
Batting: LHB Pedro Garza
|
0-0: Ground out U3 (Groundball, 34, EV 81.9 MPH)
|
Top of the 1st over - 0 runs, 1 hit, 0 errors, 1 left on base; Rice University 0 - University of South Carolina 0 |
BOTTOM OF THE 1ST |
University of South Carolina Gamecocks batting - Pitching for Rice University Owls : RHP Toshikazu Miyahara
|
Pitching: RHP Toshikazu Miyahara
|
|
Batting: RHB Juan Acero
|
0-0: Called Strike 0-1: Ball 1-1: Foul Ball, location: 2F 1-2: Fly out, F8 (Flyball, 8RD, EV 102.5 MPH)
|
Batting: LHB Jeremy Nuzzo
|
0-0: Called Strike 0-1: Ball 1-1: Foul Ball, location: 2F 1-2: Strikes out swinging
|
Batting: RHB Pablo Nunez
|
0-0: Called Strike 0-1: Ball 1-1: Ball 2-1: Fly out, F4 (Popup, 4S, EV 60.6 MPH)
|
Bottom of the 1st over - 0 runs, 0 hits, 0 errors, 0 left on base; Rice University 0 - University of South Carolina 0 |
TOP OF THE 2ND |
Rice University Owls batting - Pitching for University of South Carolina Gamecocks : RHP Seb Lightfoot
|
Batting: LHB Brett Mroz
|
0-0: Ball 1-0: Swinging Strike 1-1: Ball 2-1: Called Strike 2-2: SINGLE (Groundball, 4D, EV 105.6 MPH)
|
Batting: RHB John Moore
|
0-0: Ball 1-0: Ball 2-0: Called Strike 2-1: Fly out, F7 (Line Drive, 7, EV 90.0 MPH)
|
Batting: RHB Tchaa Kombate
|
0-0: Ball 1-0: Fly out, F8 (Flyball, 8RXD, EV 90.0 MPH)
|
Batting: RHB Bobby Johannsen
|
0-0: Called Strike 0-1: Called Strike 0-2: Foul Ball, location: 2F 0-2: Ball 1-2: SINGLE (Groundball, 56D, EV 98.1 MPH) Brett Mroz to second
|
Batting: RHB Adrian Quilantan
|
0-0: Called Strike 0-1: Called Strike 0-2: Foul Ball, location: 2F 0-2: Foul Ball, location: 2F 0-2: Ground out 4-3 (Groundball, 4, EV 86.9 MPH)
|
Top of the 2nd over - 0 runs, 2 hits, 0 errors, 2 left on base; Rice University 0 - University of South Carolina 0 |
BOTTOM OF THE 2ND |
University of South Carolina Gamecocks batting - Pitching for Rice University Owls : RHP Toshikazu Miyahara
|
Batting: RHB Ruben Domingues
|
0-0: Ball 1-0: Ball 2-0: Ball 3-0: Called Strike 3-1: Base on Balls
|
Batting: RHB Clark Meagher
|
0-0: Ball 1-0: Called Strike 1-1: Foul Ball, location: 2F 1-2: Ball 2-2: Foul Ball, location: 2F 2-2: Ball 3-2: Ground out 6-3 (Groundball, 6, EV 81.2 MPH) Ruben Domingues to second
|
Batting: RHB Eddie Dimas
|
0-0: Called Strike 0-1: Foul Ball, location: 2F 0-2: Strikes out swinging
|
Batting: RHB Victor Dominguez
|
0-0: Called Strike 0-1: Swinging Strike 0-2: Reached on error, E5 (Groundball, 56S, EV 70.6 MPH) Ruben Domingues to third
|
Batting: RHB Hideaki Kawai
|
0-0: Called Strike 0-1: Ground out 1-3 (Groundball, 13, EV 63.1 MPH)
|
Bottom of the 2nd over - 0 runs, 0 hits, 1 error, 2 left on base; Rice University 0 - University of South Carolina 0 |
TOP OF THE 3RD |
Rice University Owls batting - Pitching for University of South Carolina Gamecocks : RHP Seb Lightfoot
|
Batting: LHB Kazuyoshi Ikeda
|
0-0: Swinging Strike 0-1: Fly out, F8 (Flyball, 8RD, EV 88.1 MPH)
|
Batting: RHB Jeff Buchanan
|
0-0: Foul Ball, location: 2F 0-1: Foul Ball, location: 2F 0-2: Fly out, F8 (Line Drive, 8LD, EV 98.8 MPH)
|
Batting: LHB Travis Hahn
|
0-0: Ground out 4-3 (Groundball, 4M, EV 94.4 MPH)
|
Top of the 3rd over - 0 runs, 0 hits, 0 errors, 0 left on base; Rice University 0 - University of South Carolina 0 |
BOTTOM OF THE 3RD |
University of South Carolina Gamecocks batting - Pitching for Rice University Owls : RHP Toshikazu Miyahara
|
Batting: RHB Gary Talbot
|
0-0: Ball 1-0: Swinging Strike 1-1: SINGLE (Groundball, 56D, EV 103.1 MPH)
|
Batting: RHB Juan Acero
|
0-0: Ball 1-0: Foul Ball, location: 2F 1-1: Ball 2-1: Foul Ball, location: 2F 2-2: Ball 3-2: SINGLE (Flyball, 3D, EV 91.9 MPH) Gary Talbot to second
|
Batting: LHB Jeremy Nuzzo
|
0-0: SINGLE (Flyball, 8RS, EV 98.1 MPH) Gary Talbot to third Juan Acero to second
|
Batting: RHB Pablo Nunez
|
0-0: Foul Ball, location: 2F 0-1: SINGLE (Line Drive, 4D, EV 100.0 MPH) Gary Talbot scores Juan Acero to third Jeremy Nuzzo to second
|
Batting: RHB Ruben Domingues
|
0-0: Called Strike 0-1: Ball 1-1: Ball 2-1: Grounds into double play, 4-6-3 (Groundball, 4, EV 80.6 MPH) Juan Acero scores Jeremy Nuzzo to third
|
Batting: RHB Clark Meagher
|
0-0: Called Strike 0-1: TRIPLE (Flyball, 89XD, EV 93.1 MPH) Jeremy Nuzzo scores
|
Batting: RHB Eddie Dimas
|
0-0: Ball 1-0: Fly out, F4 (Popup, 34S, EV 83.1 MPH)
|
Bottom of the 3rd over - 3 runs, 5 hits, 0 errors, 1 left on base; Rice University 0 - University of South Carolina 3 |
TOP OF THE 4TH |
Rice University Owls batting - Pitching for University of South Carolina Gamecocks : RHP Seb Lightfoot
|
Batting: LHB Pedro Garza
|
0-0: Called Strike 0-1: Ball 1-1: SOLO HOME RUN (Flyball, 9D, EV 94.4 MPH), Distance : 376 ft
|
Batting: LHB Brett Mroz
|
0-0: Ball 1-0: Ball 2-0: Called Strike 2-1: SINGLE (Groundball, 34D, EV 96.2 MPH)
|
Batting: RHB John Moore
|
0-0: Ball 1-0: Ball 2-0: Ball 3-0: Called Strike 3-1: Base on Balls Brett Mroz to second
|
Batting: RHB Tchaa Kombate
|
0-0: Ball 1-0: Called Strike 1-1: Called Strike 1-2: Fly out, F4 (Flyball, 4D, EV 86.9 MPH)
|
Batting: RHB Bobby Johannsen
|
0-0: Fly out, F3 (Line Drive, 3, EV 60.6 MPH)
|
Batting: RHB Adrian Quilantan
|
0-0: Called Strike 0-1: Ball 1-1: Swinging Strike 1-2: Ball 2-2: Foul Ball, location: 2F 2-2: Ball 3-2: Strikes out swinging
|
Top of the 4th over - 1 run, 2 hits, 0 errors, 2 left on base; Rice University 1 - University of South Carolina 3 |
BOTTOM OF THE 4TH |
University of South Carolina Gamecocks batting - Pitching for Rice University Owls : RHP Toshikazu Miyahara
|
Batting: RHB Victor Dominguez
|
0-0: Ball 1-0: Ball 2-0: Ball 3-0: SINGLE (Line Drive, 8RS, EV 95.6 MPH)
|
Batting: RHB Hideaki Kawai
|
0-0: Fly out, F9 (Flyball, 9S, EV 75.6 MPH)
|
Batting: RHB Gary Talbot
|
0-0: Foul Ball, location: 2F 0-1: Ball 1-1: Ball 2-1: Ball 3-1: Foul Ball, location: 2F 3-2: Grounds into double play, 4-6-3 (Groundball, 4M, EV 104.4 MPH)
|
Bottom of the 4th over - 0 runs, 1 hit, 0 errors, 0 left on base; Rice University 1 - University of South Carolina 3 |
TOP OF THE 5TH |
Rice University Owls batting - Pitching for University of South Carolina Gamecocks : RHP Seb Lightfoot
|
Pitching: RHP Ben Kasim
|
|
Batting: LHB Kazuyoshi Ikeda
|
0-0: Ball 1-0: Ball 2-0: Swinging Strike 2-1: Swinging Strike 2-2: Strikes out swinging
|
Batting: RHB Jeff Buchanan
|
0-0: SOLO HOME RUN (Flyball, 8RXD, EV 116.2 MPH), Distance : 445 ft
|
Batting: LHB Travis Hahn
|
0-0: Ball 1-0: Foul Ball, location: 2F 1-1: Ground out U3 (Groundball, 34, EV 87.5 MPH)
|
Batting: LHB Pedro Garza
|
0-0: Called Strike 0-1: Foul Ball, location: 2F 0-2: Foul Ball, location: 2F 0-2: Strikes out swinging, 2-3 out at first.
|
Top of the 5th over - 1 run, 1 hit, 0 errors, 0 left on base; Rice University 2 - University of South Carolina 3 |
BOTTOM OF THE 5TH |
University of South Carolina Gamecocks batting - Pitching for Rice University Owls : RHP Toshikazu Miyahara
|
Pitching: RHP Jim Haggart
|
|
Batting: RHB Juan Acero
|
0-0: Ball 1-0: Ball 2-0: Ball 3-0: Called Strike 3-1: Base on Balls
|
Batting: LHB Jeremy Nuzzo
|
0-0: Ball 1-0: Called Strike 1-1: Foul Ball, location: 2F 1-2: Ball 2-2: Strikes out swinging
|
Batting: RHB Pablo Nunez
|
0-0: Swinging Strike 0-1: Ball 1-1: Foul Ball, location: 2F 1-2: Strikes out swinging
|
Batting: RHB Ruben Domingues
|
0-0: SINGLE (Groundball, 25, EV 75.6 MPH) (infield hit) Juan Acero to second
|
Batting: RHB Clark Meagher
|
0-0: Foul Ball, location: 2F 0-1: Foul Ball, location: 2F 0-2: Ball 1-2: 3-RUN HOME RUN (Flyball, 7D, EV 103.8 MPH), Distance : 420 ft
|
Pitching: RHP J.P. Tesauro
|
|
Batting: RHB Eddie Dimas
|
0-0: SINGLE (Groundball, 34D, EV 101.2 MPH)
|
Batting: RHB Victor Dominguez
|
0-0: Called Strike 0-1: Ball 1-1: Ball 2-1: Swinging Strike 2-2: Strikes out swinging
|
Bottom of the 5th over - 3 runs, 3 hits, 0 errors, 1 left on base; Rice University 2 - University of South Carolina 6 |
TOP OF THE 6TH |
Rice University Owls batting - Pitching for University of South Carolina Gamecocks : RHP Ben Kasim
|
Batting: LHB Brett Mroz
|
0-0: Ball 1-0: Called Strike 1-1: SINGLE (Groundball, 3D, EV 100.6 MPH)
|
Batting: RHB John Moore
|
0-0: Fielders Choice at 2nd, 3-6 (Groundball, 34, EV 100.6 MPH)
|
Batting: RHB Tchaa Kombate
|
0-0: Called Strike 0-1: Ball 1-1: Foul Ball, location: 2F 1-2: Strikes out swinging
|
Batting: RHB Bobby Johannsen
|
0-0: Ball 1-0: Swinging Strike 1-1: Fielders Choice at 2nd, U6 (Groundball, 6M, EV 87.5 MPH)
|
Top of the 6th over - 0 runs, 1 hit, 0 errors, 1 left on base; Rice University 2 - University of South Carolina 6 |
BOTTOM OF THE 6TH |
University of South Carolina Gamecocks batting - Pitching for Rice University Owls : RHP J.P. Tesauro
|
Batting: RHB Hideaki Kawai
|
0-0: Foul Ball, location: 2F 0-1: Ball 1-1: Foul Ball, location: 2F 1-2: Foul Ball, location: 2F 1-2: Ball 2-2: Ball 3-2: Strikes out swinging
|
Batting: RHB Gary Talbot
|
0-0: Ground out 1-3 (Groundball, 34S, EV 67.5 MPH)
|
Batting: RHB Juan Acero
|
0-0: Ball 1-0: Foul Ball, location: 2F 1-1: Ball 2-1: Ground out 5-3 (Groundball, 56S, EV 83.1 MPH)
|
Bottom of the 6th over - 0 runs, 0 hits, 0 errors, 0 left on base; Rice University 2 - University of South Carolina 6 |
TOP OF THE 7TH |
Rice University Owls batting - Pitching for University of South Carolina Gamecocks : RHP Ben Kasim
|
Pitching: RHP Oscar Cisneros
|
|
Batting: RHB Adrian Quilantan
|
0-0: Ball 1-0: Foul Ball, location: 2F 1-1: Swinging Strike 1-2: Ball 2-2: Ball 3-2: Strikes out swinging
|
Pinch Hitting: LHB Kenny Jackson
|
0-0: Called Strike 0-1: Ball 1-1: Foul Ball, location: 2F 1-2: Foul Ball, location: 2F 1-2: Strikes out swinging
|
Pinch Hitting: RHB Nhat Phong
|
0-0: Ball 1-0: Fly out, F8 (Flyball, 8LXD, EV 97.5 MPH)
|
Top of the 7th over - 0 runs, 0 hits, 0 errors, 0 left on base; Rice University 2 - University of South Carolina 6 |
BOTTOM OF THE 7TH |
University of South Carolina Gamecocks batting - Pitching for Rice University Owls : RHP J.P. Tesauro
|
Pitching: RHP Sho Fukumoto
|
|
Now in CF: Kenny Jackson
|
|
Now in RF: Nhat Phong
|
|
Batting: LHB Jeremy Nuzzo
|
0-0: Ball 1-0: Ground out 6-3 (Groundball, 6M, EV 110.6 MPH)
|
Pinch Hitting: RHB Dustin Bursell
|
0-0: SINGLE (Line Drive, 6MD, EV 98.1 MPH)
|
Pinch Hitting: RHB Geoffrey Gonzalez
|
0-0: Hit by Pitch Dustin Bursell to second
|
Batting: RHB Clark Meagher
|
0-0: Foul Ball, location: 2F 0-1: Ball 1-1: Called Strike 1-2: Ball 2-2: Strikes out swinging
|
Batting: SHB Bobby Love
|
0-0: SINGLE (Groundball, 56D, EV 105.0 MPH) Dustin Bursell to third Geoffrey Gonzalez to second
|
Pinch Hitting: RHB Colin Morris
|
0-0: Fly out, F7 (Line Drive, 7, EV 103.8 MPH)
|
Bottom of the 7th over - 0 runs, 2 hits, 0 errors, 3 left on base; Rice University 2 - University of South Carolina 6 |
TOP OF THE 8TH |
Rice University Owls batting - Pitching for University of South Carolina Gamecocks : RHP Oscar Cisneros
|
Now at 3B: Taro Inamine
|
|
Now in LF: Dustin Bursell
|
|
Now in CF: Jay Mellon
|
|
Pinch Hitting: SHB Yuya Hirata
|
0-0: Foul Ball, location: 2F 0-1: Swinging Strike 0-2: Ball 1-2: Foul Ball, location: 2F 1-2: Foul Ball, location: 2F 1-2: Ball 2-2: Ground out U3 (Groundball, 34S, EV 62.5 MPH)
|
Batting: LHB Pedro Garza
|
0-0: SOLO HOME RUN (Flyball, 89XD, EV 105.0 MPH), Distance : 421 ft
|
Pinch Hitting: RHB Yasutaka Yamasaki
|
0-0: Ball 1-0: Swinging Strike 1-1: SOLO HOME RUN (Flyball, 9D, EV 96.2 MPH), Distance : 376 ft
|
Pinch Hitting: RHB Alonzo Cardona
|
0-0: Called Strike 0-1: Ball 1-1: Called Strike 1-2: Ground out 6-3 (Groundball, 56, EV 85.0 MPH)
|
Batting: RHB Logan Johnson
|
0-0: Ball 1-0: Swinging Strike 1-1: Foul Ball, location: 2F 1-2: Foul Ball, location: 2F 1-2: Strikes out swinging
|
Top of the 8th over - 2 runs, 2 hits, 0 errors, 0 left on base; Rice University 4 - University of South Carolina 6 |
BOTTOM OF THE 8TH |
University of South Carolina Gamecocks batting - Pitching for Rice University Owls : RHP Sho Fukumoto
|
Now at 2B: Yuya Hirata
|
|
Now at 3B: Alonzo Cardona
|
|
Now in LF: Yasutaka Yamasaki
|
|
Batting: RHB Hideaki Kawai
|
0-0: Ball 1-0: Foul Ball, location: 2F 1-1: Ball 2-1: Foul Ball, location: 2F 2-2: Foul Ball, location: 2F 2-2: Foul Ball, location: 2F 2-2: Fly out, F9 (Line Drive, 9, EV 91.9 MPH)
|
Pinch Hitting: RHB Dimacali Babon
|
0-0: Called Strike 0-1: Foul Ball, location: 2F 0-2: Ball 1-2: Ball 2-2: Foul Ball, location: 2F 2-2: Strikes out swinging
|
Batting: RHB Juan Acero
|
0-0: Fly out, F7 (Line Drive, 7, EV 93.8 MPH)
|
Bottom of the 8th over - 0 runs, 0 hits, 0 errors, 0 left on base; Rice University 4 - University of South Carolina 6 |
TOP OF THE 9TH |
Rice University Owls batting - Pitching for University of South Carolina Gamecocks : RHP Oscar Cisneros
|
Pitching: RHP David Espinosa
|
|
Now at 1B: Dimacali Babon
|
|
Now at 2B: Hideaki Kawai
|
|
Now at SS: Jose Simental
|
|
Pinch Hitting: RHB Tony Escamilla
|
0-0: Called Strike 0-1: Foul Ball, location: 2F 0-2: Ball 1-2: Foul Ball, location: 2F 1-2: Strikes out swinging
|
Pinch Hitting: LHB Eddie Lemus
|
0-0: Swinging Strike 0-1: Called Strike 0-2: Ball 1-2: Ball 2-2: Ball 3-2: Strikes out swinging
|
Pinch Hitting: RHB Joe Bauer
|
0-0: Called Strike 0-1: Swinging Strike 0-2: Ball 1-2: Ball 2-2: Ground out U3 (Groundball, 3S, EV 93.8 MPH)
|
Top of the 9th over - 0 runs, 0 hits, 0 errors, 0 left on base; Rice University 4 - University of South Carolina 6 |
|